 Dungeon Crawl Stone Soup version 0.23-a0-139-ga22e90c (webtiles) character file.

108460 snuffy2 the Summoner (level 16, -6/101 HPs)
             Began as a Deep Elf Fire Elementalist on Aug 30, 2018.
             Was a High Priest of Sif Muna.
             Mangled by a spark wasp (15 damage)
             ... on level 4 of the Spider Nest.
             The game lasted 03:07:00 (31958 turns).

snuffy2 the Summoner (Deep Elf Fire Elementalist)  Turns: 31958, Time: 03:07:01

Health: -6/101     AC:  7    Str: 13    XL:     16   Next: 2%
Magic:  2/35       EV: 17    Int: 27    God:    Sif Muna [*****.]
Gold:   1869       SH: 12    Dex: 15    Spells: 8/41 levels left

rFire    + . .     SeeInvis +   j - staff of wizardry {!a}
rCold    + + .     Gourm    .   u - +1 buckler {rC+}
rNeg     . . .     Faith    .   c - +0 robe of Qazlal's Reproof {rC+ Regen+ rCorr Slay+3}
rPois    .         Spirit   .   l - +1 helmet
rElec    .         Reflect  +   p - +0 cloak
rCorr    +         Harm     .   E - +0 pair of gloves {Str+3}
MR       ++...                  O - +0 pair of boots
Stlth    ++++......             w - +6 amulet of reflection
HPRegen  1.66/turn              z - ring of see invisible
MPRegen  0.24/turn              W - ring "Xaad" {rF+ MR+ Str+4}

@: regenerating, divine energy
A: no striking features
a: Stop Divine Energy, Channel Magic, Forget Spell, Renounce Religion


You were on level 4 of the Spider Nest.
You worshipped Sif Muna.
Sif Muna was extremely pleased with you.
You were hungry.

You visited 5 branches of the dungeon, and saw 28 of its levels.
You also visited: Bailey and Ice Cave.

You collected 2498 gold pieces.
You spent 629 gold pieces at shops.

Inventory:

Hand Weapons
 A - the +5 demon whip "Bipatsaisch" {drain, rN++ Int-4 Dex+4}
   (You found it in an ice cave)

   A truly terrible weapon, it drains the life of those it strikes.
   It affects your intelligence (-4).
   It affects your dexterity (+4).
   It greatly protects you from negative energy.
Missiles
 q - a throwing net (quivered) {!f}
Armour
 c - the +0 robe of Qazlal's Reproof (worn) {rC+ Regen+ rCorr Slay+3}
   (You bought it in a shop on level 2 of the Orcish Mines)

   It affects your accuracy and damage with ranged weapons and melee attacks
   (+3).
   It protects you from cold.
   It increases your rate of regeneration.
   It provides partial protection from all sources of acid and corrosion.
 l - a +1 helmet (worn)
   (You found it on level 1 of the Dungeon)
 p - a +0 cloak (worn)
   (You took it off Crazy Yiuf on level 2 of the Dungeon)
 s - the +1 leather armour of Gaojyo Koch {rPois rF- MR+++ Regen+}
   (You found it on level 6 of the Lair of Beasts)

   It makes you vulnerable to fire.
   It protects you from poison.
   It affects your resistance to hostile enchantments.
   It increases your rate of regeneration.
 u - a +1 buckler of cold resistance (worn)
   (You found it in an ice cave)
 D - a +2 robe of fire resistance
   (You took it off an orc sorcerer on level 2 of the Orcish Mines)
 E - a +0 pair of gloves of strength (worn)
   (You found it in an ice cave)
 K - a +2 shield of protection
   (You acquired it on level 5 of the Lair of Beasts)
 O - a +0 pair of boots (worn)
   (You found it on level 3 of the Lair of Beasts)
 U - a +0 buckler
   (You took it off a gnoll sergeant on level 7 of the Dungeon)
Magical Staves
 j - an uncursed staff of wizardry (weapon) {!a}
   (You took it off a human on level 13 of the Dungeon)
Jewellery
 d - an uncursed ring of protection from magic {unknown}
   (You found it on level 2 of the Spider Nest)
 n - an uncursed ring of magical power
   (You found it on level 11 of the Dungeon)
 t - an uncursed amulet of magic regeneration
   (You bought it in a shop on level 2 of the Orcish Mines)
 w - a +6 amulet of reflection (around neck)
   (You bought it in a shop on level 2 of the Orcish Mines)
 z - a ring of see invisible (left hand)
   (You found it on level 11 of the Dungeon)
 S - an uncursed amulet of guardian spirit
   (You found it on level 11 of the Dungeon)
 W - the ring "Xaad" (right hand) {rF+ MR+ Str+4}
   (You took it off a yaktaur captain on level 14 of the Dungeon)

   [ring of protection from fire]

   It affects your strength (+4).
   It protects you from fire.
   It affects your resistance to hostile enchantments.
Wands
 v - a wand of digging (30)
   (You found it on level 9 of the Dungeon)
 x - a wand of acid (13)
   (You found it on level 3 of the Spider Nest)
 J - a wand of clouds (4)
   (You found it on level 8 of the Dungeon)
Scrolls
 b - 7 scrolls of enchant weapon
 f - 9 scrolls of teleportation {@r4}
 h - a scroll of brand weapon {unknown}
 i - 11 scrolls of remove curse {@r2}
 m - 5 scrolls of enchant armour
 y - 6 scrolls of immolation {!r}
 M - a scroll of fear
 N - a scroll of identify {@r1}
 P - a scroll of holy word
 V - 2 scrolls of vulnerability {!r}
 X - a scroll of summoning
Potions
 a - 2 potions of magic {unknown}
 g - a potion of cancellation {unknown}
 k - 9 potions of curing {@q1}
 o - 2 potions of flight
 r - a potion of berserk rage {unknown}
 B - 4 potions of heal wounds {@q2}
 C - 3 potions of brilliance
 H - a potion of haste {unknown}
 I - 3 potions of might
 L - a potion of agility
 T - 3 potions of mutation {!q}
 Y - 5 potions of lignification {!q}
 Z - a potion of ambrosia {unknown}
Miscellaneous
 G - a fan of gales
   (You found it on level 3 of the Lair of Beasts)
Comestibles
 e - 20 rations {!d}
 F - 2 chunks of flesh


   Skills:
 * Level 11.8 Fighting
 - Level 0.6 Staves
 - Level 8.2 Dodging
 - Level 7.9 Stealth
 - Level 4.1 Shields
 - Level 13.0 Spellcasting
 - Level 10.6 Conjurations
 - Level 6.3 Charms
 - Level 13.0 Summonings
 - Level 7.9 Necromancy
 - Level 3.8 Translocations
 - Level 9.4 Fire Magic
 - Level 7.1 Earth Magic
 - Level 7.1 Invocations
 - Level 3.0 Evocations


You had 8 spell levels left.
You knew the following spells:

 Your Spells              Type           Power        Failure   Level  Hunger
a - Shadow Creatures      Summ           N/A          1%          6    ####...
b - Iron Shot             Conj/Erth      ######....   5%          6    ####...
c - Spellforged Servitor  Conj/Summ      ######....   9%          7    ######.
e - Regeneration          Chrm/Necr      ######....   1%          3    None
v - Passage of Golubria   Tloc           N/A          2%          4    None
x - Fireball              Conj/Fire      ######....   1%          5    ##.....
Z - Sublimation of Blood  Necr           ######....   1%          2    None

Your spell library contained the following spells:

 Spells                   Type           Power        Failure   Level  Hunger
 Summon Butterflies       Summ           ######..     0%          1    None
 Summon Small Mammal      Summ           ####         0%          1    None
 Call Imp                 Summ           ######..     0%          2    None
 Animate Skeleton         Necr           N/A          1%          1    None
 Beastly Appendage        Tmut           ###...       1%          1    None
 Flame Tongue             Conj/Fire      #####        1%          1    None
 Magic Dart               Conj           ####         1%          1    None
 Pain                     Necr           ####         1%          1    None
 Passwall                 Tmut/Erth      #####...     1%          2    None
 Searing Ray              Conj           ######       1%          2    None
 Sticks to Snakes         Tmut           ###.....     1%          2    None
 Swiftness                Chrm/Air       ####....     1%          2    None
 Throw Flame              Conj/Fire      ######       1%          2    None
 Call Canine Familiar     Summ           ######..     1%          3    None
 Conjure Flame            Conj/Fire      ######..     1%          3    None
 Dazzling Spray           Conj/Hex       #####.       1%          3    None
 Ignite Poison            Fire/Tmut/Pois ####....     1%          3    None
 Inner Flame              Hex/Fire       #####...     1%          3    None
 Mephitic Cloud           Conj/Pois/Air  #####...     1%          3    None
 Portal Projectile        Hex/Tloc       ####..       1%          3    None
 Static Discharge         Conj/Air       #####...     1%          3    None
 Summon Guardian Golem    Hex/Summ       ######..     1%          3    None
 Vampiric Draining        Necr           ######....   1%          3    None
 Animate Dead             Necr           N/A          1%          4    None
 Force Lance              Conj/Tloc      ######..     1%          4    None
 Fulminant Prism          Conj/Hex       #####.....   1%          4    None
 Iskenderun's Mystic Bla  Conj           ######..     1%          4    None
 Sticky Flame             Conj/Fire      ######..     1%          4    None
 Summon Ice Beast         Ice/Summ       ######..     1%          4    None
 Summon Lightning Spire   Summ/Air       ######..     1%          4    None
 Throw Icicle             Conj/Ice       #####...     1%          4    None
 Bolt of Magma            Conj/Fire/Erth ######....   1%          5    ##.....
 Iskenderun's Battlesphe  Conj/Chrm      ######..     1%          5    ##.....
 Lee's Rapid Deconstruct  Erth           ######....   1%          5    ##.....
 Summon Forest            Summ/Tloc      ######....   1%          5    ##.....
 Summon Mana Viper        Hex/Summ       ######..     2%          5    ##.....
 Petrify                  Tmut/Erth      #####...     3%          4    None
 Spider Form              Tmut/Pois      ###.......   4%          3    None
 Irradiate                Conj/Tmut      #####.....   4%          5    ##.....
 Lightning Bolt           Conj/Air       #####.....   4%          5    ##.....
 Venom Bolt               Conj/Pois      #####.....   4%          5    ##.....
 Monstrous Menagerie      Summ           ######....   5%          7    ######.
 Summon Greater Demon     Summ           ######....   5%          7    ######.
 Summon Hydra             Summ           ######....   5%          7    ######.
 Death Channel            Necr           ######....   8%          6    ####...
 Airstrike                Air            ###.......   12%         4    None
 Cause Fear               Hex            ###.......   12%         4    None
 Ice Form                 Ice/Tmut       ###.....     12%         4    None
 Orb of Destruction       Conj           ######....   14%         7    ######.
 Alistair's Intoxication  Tmut/Pois      ###.....     32%         5    ##.....
 Blade Hands              Tmut           ###.......   32%         5    ##.....
 Metabolic Englaciation   Hex/Ice        ###.......   32%         5    ##.....
 Yara's Violent Unravell  Hex/Tmut       ###.......   32%         5    ##.....
 Malign Gateway           Summ/Tloc      ######....   32%         7    ######.
 Summon Horrible Things   Summ           ######....   36%         8    #######
 Ignition                 Fire           ######....   85%         8    #######
 Darkness                 Hex            ###.......   86%         6    ####...
 Invisibility             Hex            ###.....     86%         6    ####...
 Necromutation            Tmut/Necr      #####.....   100%        8    #######
 Shatter                  Erth           ######....   100%        9    #######
 Tornado                  Air            ###.......   100%        9    #######


Dungeon Overview and Level Annotations

Branches:
Dungeon (15/15)            Temple (1/1) D:4            Lair (6/6) D:8
 Shoals (0/4) Lair:3       Spider (4/4) Lair:3        Slime (0/5) Lair:6
    Orc (2/2) D:10            Elf (0/3) Orc:2        Vaults (0/5) D:13
 Depths: D:15

Altars:
Ashenzari
Cheibriados
Dithmenos
Elyvilon
Fedhas
Gozag
Hepliaklqana
Kikubaaqudgha
Makhleb
Nemelex Xobeh
Okawaru
Qazlal
Ru
Sif Muna
Trog
Uskayaw
Vehumet
Wu Jian
Xom
Yredelemnul
Zin
The Shining One
Beogh
Jiyva

Shops:
D:4 }!=[   D:7 (   Orc:2 }*=(

Annotations:
D:2 exclusion: downstairs
D:7 exclusion: 2 downstairs
D:11 exclusion: downstairs
Lair:6 1 runed door


Message History

Your tarantella bites the jumping spider.
The jumping spider appears confused.
The redback bites your redback!
Your redback dies!
Your redback's corpse dissolves into shadows!
The redback completely misses your spellforged servitor.
Your redback bites the redback.
The redback dies!
Sif Muna accepts your kill.
Your wolf spider hits the tarantella!
Your wolf spider bites the tarantella!
The redback bites your redback.
Your redback looks as sick as possible!
The redback poisons your redback!
Your redback closely misses the redback.
The redback bites your wolf spider!
Your wolf spider looks as sick as possible!
The redback poisons your wolf spider! You block the tarantella's attack.
Your wolf spider hits the tarantella!
The tarantella dies!
Sif Muna accepts your kill. The redback bites your redback.
Your redback bites the redback!
Your skin crawls.
The jumping spider seems less confused.
The redback bites your wolf spider!
Your wolf spider dies!
Your wolf spider's corpse dissolves into shadows!
The spark wasp stings your tarantella!!
Your tarantella dies!
Your tarantella's corpse dissolves into shadows!
The redback bites your redback.
Your redback barely misses the redback.
The jumping spider leaps!
You draw magical energy from your own body!
Your redback dies!
Your redback's corpse dissolves into shadows!
The spark wasp bursts into living lightning!
The living lightning hits you!
* * * LOW HITPOINT WARNING * * *
The spark wasp blinks!
Your spellforged servitor gestures at the redback while chanting.
The iron shot hits the redback.
The redback dies!
Sif Muna accepts your kill. The spark wasp stings you!
* * * LOW HITPOINT WARNING * * *
The spark wasp shocks you!
* * * LOW HITPOINT WARNING * * *
You feel much better.
Your orb spider dissolves into shadows!
The redback misses you. The spark wasp stings you!!
* * * LOW HITPOINT WARNING * * *
The spark wasp shocks you!
You die...

≈.# ##....... . ..
....#^... .. .. ........^.
#.. . #####......#...
#.#.#≈ ##...#..........
....s^# #....8##...#....
#^..####..#†....#.....#
#^.<..#...y@s.$.......
...^^##^†.....#....§......
..#^#≈#...^†^...#......#<.
#.^...#..(........#...)
..#≈.......#^...........
.≈^........?#..^.....#.
..≈.....)......#.#^..##
.)..^.#...#..s#........
..^^......#..........?..


You could see a spark wasp, a jumping spider, a redback and a friendly
spellforged servitor.

Vanquished Creatures
  An Ice Fiend (IceCv)
  Kirke (Lair:4)
  A vault guard (D:13)
  2 hydras
  An ice dragon (D:14)
  A merfolk avatar (Lair:6)
  3 centaur warriors
  A tengu warrior (D:13)
  A death knight (D:12)
  3 two-headed ogres
  A deep troll earth mage (D:14)
  Urug (Lair:4)
  5 death yaks (Lair:3)
  3 unseen horrors
  A wizard (D:13)
  An orc knight (D:11)
  A wolf spider (Spider:1)
  3 necromancers (D:13)
  2 orb spiders
  2 deep elf magi
  An oklob plant (Lair:3)
  4 ugly things
  2 centaur zombies
  7 black mambas
  A guardian serpent (shapeshifter) (D:14)
  An eye of devastation (shapeshifter) (D:14)
  2 gargoyles
  3 rime drakes
  A kobold demonologist (D:13)
  A yaktaur (D:13)
  9 spiny frogs
  6 komodo dragons
  A queen bee (D:8)
  4 polar bears
  11 ice devils (IceCv)
  A jumping spider (Spider:1)
  3 trolls
  A hornet (Lair:6)
  A polar bear (shapeshifter) (D:13)
  7 slime creatures
  A snapping turtle (Lair:3)
  13 hippogriffs
  5 blink frogs (Lair:5)
  A spriggan (Lair:5)
  A wyvern (D:11)
  11 redbacks
  A shadow (D:14)
  Sigmund (D:4)
  3 hogs (D:7)
  2 hungry ghosts
  25 yaks
  2 tarantellas
  18 humans
  A water elemental (D:15)
  2 basilisks
  A vampire mosquito (D:15)
  Menkaure (D:4)
  A redback simulacrum (D:14)
  A soldier ant (D:15)
  A hell hound (D:13)
  An acid dragon (D:15)
  13 water moccasins
  5 porcupines
  3 black bears
  7 orc warriors
  3 ice beasts
  4 sky beasts
  An eye of draining (D:11)
  A necrophage (D:8)
  11 ogres
  10 crocodiles
  12 wolves
  7 centaurs
  21 bullfrogs
  2 big kobolds
  3 gnoll sergeants
  A wyvern skeleton (D:10)
  A water moccasin skeleton (D:8)
  4 scorpions
  11 killer bees (D:8)
  10 wights
  4 electric eels
  5 howler monkeys
  2 crimson imps (D:6)
  A quasit (D:7)
  3 jellies
  8 hounds
  Crazy Yiuf (D:2)
  5 centaur skeletons
  17 orc priests
  18 orc wizards
  3 bullfrog skeletons
  Jessica (D:2)
  Ijyb (D:5)
  5 iguanas
  9 worker ants
  A hound zombie (D:7)
  A hound skeleton (D:4)
  16 adders
  12 gnolls
  2 shadow imps
  2 white imps (IceCv)
  An ooze (D:4)
  2 adder skeletons
  5 worms
  A dart slug (D:2)
  8 leopard geckos
  62 orcs
  10 bats
  7 giant cockroaches
  8 goblins
  4 hobgoblins
  7 jackals
  6 quokkas
  A ball python (D:4)
  6 frilled lizards
  A jackal skeleton (D:4)
  15 kobolds
  A leopard gecko zombie (D:7)
  2 quokka zombies
  7 rats
  A fungus (Lair:6)
  2 plants
599 creatures vanquished.

Vanquished Creatures (collateral kills)
  Arachne (Spider:2)
  An Ice Fiend (IceCv)
  A fire giant (D:14)
  A ghost moth (Lair:3)
  2 entropy weavers (Spider:2)
  A dire elephant (Lair:6)
  Azrael (D:13)
  An ettin (Orc:2)
  A yaktaur captain (D:14)
  3 slime creatures (D:14)
  A vault guard (D:13)
  A hydra (Lair:6)
  6 ogre magi
  2 centaur warriors
  26 two-headed ogres
  A sea snake (Lair:6)
  A harpy (Lair:6)
  5 orc knights
  9 wolf spiders
  An orb spider (Spider:1)
  10 deep elf magi (Orc:2)
  4 orc sorcerers
  A manticore (D:15)
  3 ugly things (D:15)
  2 black mambas (Lair:6)
  2 ice statues (IceCv)
  2 torpor snails
  An elephant (Lair:6)
  A centaur zombie (D:15)
  A gargoyle (D:15)
  A stone giant skeleton (D:15)
  7 spiny frogs (Lair:6)
  A rime drake (Lair:6)
  A centaur skeleton (D:15)
  7 komodo dragons
  2 demonic crawlers
  4 trolls
  3 ice devils (IceCv)
  5 polar bears (Lair:6)
  15 jumping spiders
  2 tengu conjurers (D:15)
  2 wind drakes (Lair:6)
  3 dream sheep (Lair:6)
  5 hornets
  4 hippogriffs (Lair:6)
  10 tarantellas
  27 redbacks
  6 hogs (Lair:4)
  2 yaks (D:13)
  3 fire elementals (D:13)
  A wraith (D:13)
  A human (D:13)
  A vampire mosquito (D:15)
  2 wargs
  A spatial vortex (Lair:4)
  2 acid dragons
  2 hell hounds (D:13)
  3 water moccasins (Lair:6)
  21 orc warriors
  A necrophage (D:13)
  30 ogres
  3 crocodiles (Lair:6)
  A bullfrog (D:14)
  5 crimson imps
  A bullfrog zombie (D:13)
  A hound (D:13)
  9 orc wizards
  8 orc priests
  An iguana (D:14)
  2 worker ants
  A shadow imp (D:14)
  4 white imps (IceCv)
  7 ufetubi (IceCv)
  38 orcs
349 creatures vanquished.

Vanquished Creatures (others)
  A wolf spider (Spider:1)
  A yak (D:13)
  An orc warrior (Bailey)
  3 white imps (IceCv)
  An ufetubus (IceCv)
  A quokka (D:9)
  6 fungi
  27 plants
  12 withered plants (D:15)
53 creatures vanquished.

Grand Total: 1001 creatures vanquished

Notes
Turn   | Place    | Note
-------+----------+-------------------------------------------
     0 | D:1      | snuffy2 the Deep Elf Fire Elementalist began the quest for
                  | the Orb.
     0 | D:1      | Reached XP level 1. HP: 10/10 MP: 6/6
   148 | D:1      | Reached XP level 2. HP: 15/15 MP: 5/8
   538 | D:2      | Reached XP level 3. HP: 19/19 MP: 7/9
   543 | D:2      | Learned a level 3 spell: Conjure Flame
   667 | D:2      | Found a runed door.
   671 | D:2      | Noticed Crazy Yiuf
   672 | D:2      | Killed Crazy Yiuf
   672 | D:2      | Reached XP level 4. HP: 24/24 MP: 10/10
  1150 | D:2      | Noticed Jessica
  1153 | D:2      | Killed Jessica
  1153 | D:2      | Reached XP level 5. HP: 28/28 MP: 11/11
  1310 | D:3      | Learned a level 4 spell: Sticky Flame
  1524 | D:4      | Found a shattered altar of Ashenzari.
  1568 | D:4      | Noticed Sigmund
  2017 | D:3      | Reached skill level 5 in Stealth
  2017 | D:3      | Reached XP level 6. HP: 32/32 MP: 9/12
  2059 | D:3      | Reached skill level 5 in Fire Magic
  2362 | D:4      | Reached skill level 5 in Dodging
  2423 | D:4      | Noticed a sky beast
  2430 | D:4      | Killed a sky beast
  2441 | D:4      | Reached XP level 7. HP: 17/36 MP: 2/13
  2722 | D:4      | Found Jymeil's Distillery.
  2852 | D:4      | Found Otruthroph's Gadget Shop.
  2856 | D:4      | Bought a wand of iceblast (5) for 90 gold pieces
  2932 | D:4      | Found Bene's Jewellery Boutique.
  2980 | D:4      | Noticed Menkaure
  2985 | D:4      | Killed Menkaure
  3018 | D:4      | Found a hide-covered altar of Uskayaw.
  3049 | D:4      | Found Fyuhogor's Armour Emporium.
  3137 | D:4      | Found a staircase to the Ecumenical Temple.
  3263 | Temple   | Entered the Ecumenical Temple
  3359 | Temple   | Became a worshipper of Sif Muna the Loreminder
  3770 | D:3      | Reached XP level 8. HP: 39/41 MP: 6/16
  3965 | D:4      | Killed Sigmund
  3982 | D:5      | Entered Level 5 of the Dungeon
  4017 | D:5      | Learned a level 5 spell: Fireball
  4070 | D:5      | Found a radiant altar of Vehumet.
  4070 | D:5      | Found a bloodstained altar of Trog.
  4216 | D:5      | Found an iron altar of Okawaru.
  4253 | D:5      | Noticed Ijyb
  4295 | D:5      | Reached * piety under Sif Muna
  4311 | D:5      | Killed Ijyb
  4459 | D:5      | Noticed a hippogriff
  4472 | D:5      | Killed a hippogriff
  4472 | D:5      | Reached skill level 5 in Spellcasting
  4472 | D:5      | Reached skill level 5 in Conjurations
  4935 | D:6      | Found a shadowy altar of Dithmenos.
  5162 | D:6      | Reached XP level 9. HP: 43/45 MP: 19/19
  5617 | D:6      | Reached ** piety under Sif Muna
  5782 | D:6      | Found a sparkling altar of Nemelex Xobeh.
  5782 | D:6      | Found a faded altar of an unknown god.
  5794 | D:6      | Found a hazy altar of Hepliaklqana.
  5796 | D:6      | Found a snail-covered altar of Cheibriados.
  5798 | D:6      | Found a faded altar of an unknown god.
  6003 | D:7      | Found a glowing silver altar of Zin.
  6056 | D:7      | Reached skill level 1 in Fighting
  6056 | D:7      | Reached skill level 1 in Invocations
  6392 | D:7      | Found Daothrefoth's Antique Weapon Boutique.
  6714 | D:7      | Reached XP level 10. HP: 53/54 MP: 8/24
  6988 | D:7      | Found a stormy altar of Qazlal.
  7114 | D:7      | Reached *** piety under Sif Muna
  7609 | D:8      | Reached skill level 1 in Shields
  8301 | D:8      | Noticed a two-headed ogre
  8338 | D:8      | Killed a two-headed ogre
  8338 | D:8      | Reached skill level 5 in Invocations
  8479 | D:8      | Found a blossoming altar of Fedhas.
  8605 | D:8      | Found a staircase to the Lair.
  8640 | D:8      | Reached XP level 11. HP: 45/60 MP: 0/26
  9009 | D:9      | Found a white marble altar of Elyvilon.
  9263 | D:9      | Found a sacrificial altar of Ru.
  9370 | D:10     | Entered Level 10 of the Dungeon
  9848 | D:10     | Found a staircase to the Orcish Mines.
  9893 | D:10     | Found a roughly hewn altar of Beogh.
  9893 | D:10     | Noticed a two-headed ogre
  9908 | D:10     | Killed a two-headed ogre
  9908 | D:10     | Reached **** piety under Sif Muna
 10244 | D:11     | Found a flagged portal.
 10369 | Bailey   | Entered a bailey
 10369 | Bailey   | Noticed an orc knight
 10376 | Bailey   | Noticed an orc knight
 10386 | Bailey   | Reached skill level 10 in Spellcasting
 10397 | Bailey   | Killed an orc knight
 10398 | Bailey   | Noticed an orc knight
 10401 | Bailey   | HP: 2/61 [orc knight/halberd (29)]
 10705 | D:11     | Noticed a cyan ugly thing
 10712 | D:11     | Killed a cyan ugly thing
 10793 | D:11     | Noticed a centaur warrior
 10797 | D:11     | Killed a centaur warrior
 10862 | D:11     | Killed an orc knight
 11354 | D:11     | Learned a level 6 spell: Iron Shot
 11362 | D:11     | Learned a level 7 spell: Spellforged Servitor
 11413 | D:11     | Noticed a green ugly thing
 11484 | D:11     | Killed a green ugly thing
 11484 | D:11     | Reached skill level 1 in Summonings
 11484 | D:11     | Reached skill level 1 in Earth Magic
 11692 | D:11     | Found a blossoming altar of Fedhas.
 11717 | D:11     | Reached ***** piety under Sif Muna
 12023 | Lair:1   | Entered Level 1 of the Lair of Beasts
 12023 | Lair:1   | Noticed an eight-headed hydra
 12032 | Lair:1   | Killed an eight-headed hydra
 12049 | Lair:1   | Reached XP level 12. HP: 66/66 MP: 13/28
 12056 | Lair:1   | Identified Sif Muna's Disquisition on Curses and
                  | Intoxication (Sif Muna gifted it to you on level 1 of the
                  | Lair of Beasts)
 12056 | Lair:1   | Received a gift from Sif Muna
 12376 | Lair:1   | Reached skill level 1 in Evocations
 12678 | Lair:1   | Got a smoking spear
 12679 | Lair:1   | Identified the +8 spear "Xyon Dont" {pierce, rElec rPois
                  | Str-4 Int-4} (You found it on level 1 of the Lair of
                  | Beasts)
 12828 | Lair:1   | Reached skill level 5 in Summonings
 12828 | Lair:1   | Reached skill level 5 in Earth Magic
 14328 | Lair:3   | Found a shadowy altar of Dithmenos.
 14692 | Lair:3   | Noticed a death yak
 14692 | Lair:3   | Noticed a death yak
 14719 | Lair:3   | Killed a death yak
 14719 | Lair:3   | Identified Sif Muna's Spellcraft Continued (Sif Muna gifted
                  | it to you on level 3 of the Lair of Beasts)
 14719 | Lair:3   | Received a gift from Sif Muna
 14726 | Lair:3   | Learned a level 4 spell: Passage of Golubria
 14742 | Lair:3   | Noticed a death yak
 14767 | Lair:3   | Killed a death yak
 14767 | Lair:3   | Reached skill level 1 in Translocations
 14804 | Lair:3   | Found a staircase to the Shoals.
 14897 | Lair:3   | Noticed a death yak
 14897 | Lair:3   | Noticed a death yak
 14935 | Lair:3   | Killed a death yak
 14991 | Lair:3   | Killed a death yak
 15019 | Lair:3   | Killed a death yak
 15092 | Lair:3   | Reached XP level 13. HP: 56/70 MP: 13/31
 15101 | Lair:3   | Found a hole to the Spider Nest.
 15360 | Lair:4   | Reached skill level 10 in Conjurations
 15479 | Lair:4   | Noticed Kirke
 15509 | Lair:4   | Noticed Urug
 16061 | Lair:4   | Killed Urug
 17253 | Lair:5   | Identified a scroll of acquirement
 18268 | D:12     | Received a gift from Sif Muna
 18674 | D:12     | Reached skill level 10 in Summonings
 19740 | D:13     | Reached XP level 14. HP: 49/76 MP: 12/32
 20151 | D:13     | Identified Sif Muna's Papyrus of the Displaced Entourage
                  | (Sif Muna gifted it to you on level 13 of the Dungeon)
 20151 | D:13     | Received a gift from Sif Muna
 20162 | D:12     | Learned a level 6 spell: Shadow Creatures
 20338 | D:13     | Paralysed by a human for 7 turns
 20352 | D:13     | Paralysed by a human for 5 turns
 20498 | D:13     | Found a gate to the Vaults.
 20692 | D:13     | Got a bloodstained war axe
 20953 | D:13     | Noticed Azrael
 20972 | D:13     | Killed Azrael
 21520 | D:14     | Reached skill level 5 in Fighting
 21611 | D:14     | You fall through a shaft!
 21611 | D:15     | Entered Level 15 of the Dungeon
 22734 | D:15     | Learned a level 3 spell: Regeneration
 22869 | D:14     | Reached skill level 1 in Charms
 22890 | D:14     | Reached skill level 1 in Necromancy
 23571 | D:14     | Noticed a fire giant
 23581 | D:14     | Killed a fire giant
 23673 | D:14     | Got a steaming ivory ring
 23677 | D:14     | Identified the ring "Xaad" {rF+ MR+ Str+4} (You took it off
                  | a yaktaur captain on level 14 of the Dungeon)
 23784 | D:14     | Identified the Papyrus of Transformation
 24463 | Orc:1    | Entered Level 1 of the Orcish Mines
 24584 | Orc:1    | Learned a level 2 spell: Sublimation of Blood
 24621 | Orc:1    | Found a bloodstained altar of Trog.
 25219 | Orc:2    | Entered Level 2 of the Orcish Mines
 25672 | Orc:2    | Identified Sif Muna's Tome of the Ghastly Escort (Sif Muna
                  | gifted it to you on level 2 of the Orcish Mines)
 25672 | Orc:2    | Received a gift from Sif Muna
 25776 | Orc:2    | Found a roughly hewn altar of Beogh.
 25880 | Orc:2    | Found a staircase to the Elven Halls.
 25959 | Orc:2    | Reached XP level 15. HP: 89/89 MP: 32/34
 25959 | Orc:2    | Reached skill level 5 in Charms
 26307 | Orc:2    | Reached skill level 5 in Necromancy
 26493 | Orc:2    | Found Qealeose's Assorted Antiques.
 26493 | Orc:2    | Found Bix Emia's Weapon Boutique.
 26496 | Orc:2    | Found Kouripn's Jewellery Shoppe.
 26496 | Orc:2    | Found Jelaon's Gadget Shop.
 26526 | Orc:2    | Bought a fizzy cyan potion for 26 gold pieces
 26526 | Orc:2    | Bought a runed filigree amulet for 145 gold pieces
 26526 | Orc:2    | Bought a thick cabochon amulet for 145 gold pieces
 26526 | Orc:2    | Bought a silken robe for 165 gold pieces
 26526 | Orc:2    | Bought a scroll of identify for 58 gold pieces
 26549 | Orc:2    | Identified the cursed +0 robe of Qazlal's Reproof {rC+
                  | Regen+ rCorr Slay+3} (You bought it in a shop on level 2 of
                  | the Orcish Mines)
 27051 | Lair:6   | Entered Level 6 of the Lair of Beasts
 27051 | Lair:6   | Found a runed door.
 27076 | Lair:6   | Found a viscous altar of Jiyva.
 27083 | Lair:6   | Found a staircase to the Slime Pits.
 27235 | Lair:6   | Found a sacrificial altar of Ru.
 27728 | Lair:6   | Reached skill level 10 in Fighting
 27787 | Lair:6   | Got a steaming leather armour
 27798 | Lair:6   | Identified the +1 leather armour of Gaojyo Koch {rPois rF-
                  | MR+++ Regen+} (You found it on level 6 of the Lair of
                  | Beasts)
 28068 | Lair:4   | Noticed a sphinx
 28254 | Lair:4   | Killed Kirke
 28317 | Spider:1 | Entered Level 1 of the Spider Nest
 28796 | Spider:1 | HP: 3/92 [something (9)]
 28971 | Spider:1 | Noticed a ghost moth
 29083 | Lair:3   | Killed a ghost moth
 29083 | Lair:3   | Received a gift from Sif Muna
 29504 | Spider:1 | Found a roughly hewn altar of Beogh.
 29516 | Spider:1 | Got a translucent scale mail
 30113 | Spider:2 | Noticed Arachne
 30124 | Spider:2 | Killed Arachne
 30699 | Spider:3 | Found a frozen archway.
 30723 | IceCv    | Entered an ice cave
 30993 | IceCv    | Noticed an Ice Fiend
 30999 | IceCv    | Killed an Ice Fiend
 31278 | IceCv    | Noticed an Ice Fiend
 31288 | IceCv    | Killed an Ice Fiend
 31394 | IceCv    | Got a faintly glowing demon whip
 31395 | IceCv    | Identified the +5 demon whip "Bipatsaisch" {drain, rN++
                  | Int-4 Dex+4} (You found it in an ice cave)
 31785 | Spider:3 | Reached XP level 16. HP: 101/101 MP: 5/35
 31920 | Spider:4 | Entered Level 4 of the Spider Nest
 31958 | Spider:4 | Mangled by a spark wasp

Vault maps used:
D:1:      dpeg_arrival_tiny_a
D:2:      first_ration, uniq_crazy_yiuf_cottage, uniq_jessica
D:4:      kennysheep_mini, eat_drink_and_be_merry_uskayaw,
          minmay_temple_entry_fiery, serial_shops, nicolae_shop_waterfront,
          shop, nicolae_shop_waterfront, nicolae_shop_statue_plus,
          uniq_menkaure, uniq_sigmund
D:5:      lemuel_crystal_altar, gammafunk_temple_overflow_elements,
          lemuel_another_geyser, uniq_ijyb
D:6:      chequers_temple_overflow_minitemple, grunt_dithmenos_smoke_and_mirrors
D:7:      kennysheep_mini_moat, basic_altar, serial_shops, shop,
          grunt_livestock, minivault_27, patterned_corridor
D:8:      cheibrodos_fzero, overflow_temple_1_default, lair_entry_dummy,
          hangedman_decor_riveting, nicolae_looking_at_the_future
D:9:      overflow_temple_1_default, elyvilon_altar_4, serial_glass,
          glass_columns_c, glass_columns_a, item_on_display_a, feat_on_display
D:10:     minmay_orc_entry_temple_small
D:11:     enter_bailey_2, fedhas_altar_1
D:13:     grunt_vaults_entry_tiered, minmay_misc_feat_more_columns, uniq_azrael
D:14:     kennysheep_large_spiral, lab_entry_generic, special_room,
          minmay_misc_feat_cross
D:15:     gammafunk_depths_entry_grave, fountainhead
Temple:   cyrus_temple_forest
Lair:1:   st_stairs_5, serial_bayou_crossing
Lair:3:   minmay_shoals_entry_hut, nicolae_spider_entry_orb_guardian,
          lemuel_oklob_altar, lemuel_fruit_tree, grunt_megastairs_3
Lair:4:   uniq_kirke, uniq_urug
Lair:5:   nicolae_volcano_entry_lava_flow, grunt_forest_stairs_clearing
Lair:6:   gammafunk_lair_ancient_temple, slime_altar_2, basic_altar,
          serial_bayou_lake_a
Spider:1: nicolae_spider_mines_2, hangedman_spider_mandibles,
          guppyfry_spider_mini_1
Spider:2: spider_trap, uniq_arachne
Spider:3: portal_ice_cave_entry_pillars_three, spider_trap
Spider:4: grunt_spider_rune_island
Orc:1:    basic_altar
Orc:2:    st_orc_ogre_mass, basic_altar, elves_outpost_lemuel
Bailey:   bailey_polearm_4, bailey
IceCv:    ice_cave_small_demon

Skill      XL: |  1  2  3  4  5  6  7  8  9 10 11 12 13 14 15 |
---------------+----------------------------------------------+-----
Stealth        | 3 4 5 6 7 |  7.9
Dodging        | 3 4 5 6 7 8 |  8.2
Fire Magic     | 4 5 6 7 8 9 |  9.4
Conjurations   | 2 3 4 5 7 8 9 10 | 10.6
Spellcasting   | 4 5 8 9 10 12 13 | 13.0
Fighting       | 2 3 4 8 11 | 11.8
Invocations    | 3 5 7 |  7.1
Shields        | 3 4 |  4.1
Summonings     | 3 7 12 13 | 13.0
Earth Magic    | 3 7 |  7.1
Evocations     | 3 |  3.0
Translocations | 2 3 |  3.8
Charms         | 4 6 |  6.3
Necromancy     | 4 7 |  7.9
Staves         | |  0.6

Action                   |  1- 3 |  4- 6 |  7- 9 | 10-12 | 13-15 | 16-18 || total
-------------------------+-------+-------+-------+-------+-------+-------++-------
Melee: Dagger            |     5 |    19 |       |       |       |       ||    24
       Flail             |       |     1 |     7 |       |       |       ||     8
       Trident           |       |       |   100 |   103 |       |       ||   203
       Staff             |       |       |       |    44 |    89 |       ||   133
       Scimitar          |       |       |       |       |     4 |       ||     4
Throw: Throwing net      |       |       |       |       |     2 |       ||     2
 Cast: Flame Tongue      |    34 |   116 |   105 |   269 |    75 |       ||   599
       Sticky Flame      |       |     1 |    30 |   106 |   101 |       ||   238
       Conjure Flame     |       |     1 |     2 |     8 |     1 |       ||    12
       Fireball          |       |       |    11 |    69 |   177 |     1 ||   258
       Iron Shot         |       |       |       |       |    48 |     1 ||    49
       Shadow Creatures  |       |       |       |       |   145 |     4 ||   149
       Spellforged Servi |       |       |       |       |    76 |     1 ||    77
       Sublimation of Bl |       |       |       |       |   121 |     4 ||   125
       Regeneration      |       |       |       |       |    46 |     2 ||    48
       Passage of Golubr |       |       |       |       |     5 |       ||     5
Invok: Channel Magic     |       |       |       |     2 |     4 |       ||     6
       Divine Energy     |       |       |       |     2 |     3 |       ||     5
       Stop Divine Energ |       |       |       |     1 |     3 |       ||     4
       Forget Spell      |       |       |       |       |     2 |       ||     2
Evoke: Wand              |     1 |     3 |    12 |    11 |     1 |       ||    28
       Fan of gales      |       |       |       |       |     1 |       ||     1
  Use: Scroll            |     1 |     5 |     4 |    13 |    21 |       ||    44
       Potion            |       |       |       |     1 |     5 |     1 ||     7
 Stab: Sleeping          |     2 |     9 |     6 |     1 |       |       ||    18
       Distracted        |       |       |       |     1 |       |       ||     1
  Eat: Chunk             |       |     2 |    13 |    20 |    65 |       ||   100
       Ration            |       |     1 |     2 |     6 |    24 |       ||    33
Armor: Robe              |     5 |    13 |    30 |    13 |     8 |     2 ||    71
       Troll leather arm |       |       |       |    43 |    78 |       ||   121
       Leather armour    |       |       |       |       |    19 |       ||    19
Dodge: Dodged            |    13 |    52 |   138 |   200 |   301 |     8 ||   712
Block: Buckler           |       |       |       |    79 |   143 |     4 ||   226
       Shield            |       |       |       |       |    13 |       ||    13
       Rpst.: Falchion   |       |       |       |     3 |       |       ||     3

Table legend:
 A = Non-vault XP
 B = Vault XP
 C = Vault XP percentage of total XP
 D = Non-vault monster count
 E = Vault monster count
 F = Vault count percentage of total count
                 A         B        C        D         E       F
            +---------+---------+-------+---------+---------+-------
      Total |   93646 |   61297 |  39.6 |     677 |     268 |  28.4
            +---------+---------+-------+---------+---------+-------
        D:1 |      38 |       0 |   0.0 |      21 |       0 |   0.0
        D:2 |      81 |      78 |  49.1 |      23 |       2 |   8.0
        D:3 |     375 |       0 |   0.0 |      35 |       0 |   0.0
        D:4 |     710 |     384 |  35.1 |      21 |       2 |   8.7
        D:5 |     876 |      36 |   3.9 |      26 |       1 |   3.7
        D:6 |    1081 |       0 |   0.0 |      24 |       0 |   0.0
        D:7 |    1464 |     990 |  40.3 |      40 |       5 |  11.1
        D:8 |    2194 |    2945 |  57.3 |      32 |      25 |  43.9
        D:9 |     287 |       0 |   0.0 |       5 |       0 |   0.0
       D:10 |    2273 |     108 |   4.5 |      33 |      10 |  23.3
       D:11 |    5687 |     634 |  10.0 |      32 |       1 |   3.0
       D:12 |    5735 |       0 |   0.0 |      22 |       0 |   0.0
       D:13 |    9128 |    9042 |  49.8 |      38 |      32 |  45.7
       D:14 |    3744 |    6893 |  64.8 |      17 |      37 |  68.5
       D:15 |   10513 |     232 |   2.2 |      37 |       1 |   2.6
     Lair:1 |    6373 |     259 |   3.9 |      27 |       1 |   3.6
     Lair:2 |    3147 |       0 |   0.0 |      16 |       0 |   0.0
     Lair:3 |    6973 |    2172 |  23.8 |      14 |      10 |  41.7
     Lair:4 |    5508 |    2564 |  31.8 |      15 |       8 |  34.8
     Lair:5 |    4549 |     978 |  17.7 |      20 |       6 |  23.1
     Lair:6 |    5158 |    6282 |  54.9 |      32 |      26 |  44.8
   Spider:1 |    2760 |    1762 |  39.0 |      15 |      10 |  40.0
   Spider:2 |    4638 |    1931 |  29.4 |      23 |       1 |   4.2
   Spider:3 |    5251 |       0 |   0.0 |      27 |       0 |   0.0
   Spider:4 |     905 |     614 |  40.4 |       8 |       2 |  20.0
      Orc:1 |    2500 |     461 |  15.6 |      46 |       1 |   2.1
      Orc:2 |    1698 |   13739 |  89.0 |      28 |      52 |  65.0
     Bailey |       0 |     564 | 100.0 |       0 |       4 | 100.0
      IceCv |       0 |    8629 | 100.0 |       0 |      31 | 100.0
            +---------+---------+-------+---------+---------+-------
